 Dungeon Crawl Stone Soup version 0.30-a0-743-gbfdf073431 (webtiles) character file.

Game seed: 13865910476201326480

1299 screamidelica the Grappler (level 8, -7/70 HPs)
             Began as a Troll Warper on Feb 6, 2023.
             Was an Initiate of Sif Muna.
             Mangled by an ogre
             ... wielding a +0 giant club
              (18 damage)
             ... on level 5 of the Dungeon.
             The game lasted 00:04:17 (3896 turns).

screamidelica the Grappler (Troll Warper)           Turns: 3896, Time: 00:04:18

Health: -7/70      AC:  6    Str: 22    XL:     8   Next: 31%
Magic:  9/9        EV: 10    Int:  9    God:    Sif Muna [......]
Gold:   353        SH:  0    Dex: 21    Spells: 10/10 levels left

rFire   . . .      SeeInvis .      - Unarmed
rCold   . . .      Faith    .    (no shield)
rNeg    . . .      Spirit   .    a - +0 robe
rPois   .          Reflect  .    (helmet restricted)
rElec   .          Harm     .    (no cloak)
rCorr   .          Rampage  .    (gloves unavailable)
Will    .....      Clarity  +    (boots unavailable)
Stlth   ++                       (no amulet)
HPRegen 1.11/turn                l - +6 ring of dexterity
MPRegen 0.11/turn                p - +6 ring of dexterity

@: no status effects
A: large, unfitting armour, claws 3, regeneration 1, shaggy fur 1, tough skin 1,
iridescent scales 1, clarity, mutation resistance 1
a: Renounce Religion


You were on level 5 of the Dungeon.
You worshipped Sif Muna.
Sif Muna was noncommittal.
You visited 2 branches of the dungeon, and saw 7 of its levels.

You collected 353 gold pieces.

Inventory:

Missiles
 c - 7 boomerangs of dispersal
 f - 8 boomerangs
 o - 5 large rocks (quivered)
Armour
 a - a +0 robe (worn)
Jewellery
 d - a ring of protection from cold
 l - a +6 ring of dexterity (left claw)
 p - a +6 ring of dexterity (right claw)
 u - an amulet of guardian spirit
Scrolls
 b - a scroll of identify {@r1}
 e - a scroll of silence {unknown}
 n - 2 scrolls of enchant armour {unknown}
 q - a scroll of magic mapping {unknown}
 t - a scroll of torment {unknown}
 v - a scroll of poison {unknown}
Potions
 g - a potion of might
 h - 3 potions of mutation
 i - a potion of heal wounds {unknown}
 j - 3 potions of brilliance
 k - a potion of curing {unknown}
 m - a potion of resistance
 r - 2 potions of haste
 s - a potion of lignification {unknown}


   Skills:
 - Level 1.5 Fighting
 - Level 0.8 Throwing
 - Level 1.9 Dodging
 - Level 10.0 Unarmed Combat
 + Level 1.5 Spellcasting
 * Level 2.7 Translocations


You had 10 spell levels left.
You didn't know any spells.
Your spell library contained the following spells:

 Spells                   Type           Power      Damage    Failure   Level
 Blink                    Tloc           10%        N/A       17%         2
 Lesser Beckoning         Tloc           10%        N/A       17%         2
 Teleport Other           Tloc           5%         N/A       32%         3
 Freeze                   Ice            0%         1d3       34%         1
 Vhi's Electric Charge    Tloc/Air       6%         N/A       52%         3
 Dazzling Flash           Conj/Hex       0%         N/A       71%         3
 Frozen Ramparts          Ice            0%         1d1       71%         3
 Hailstorm                Conj/Ice       0%         3d3       71%         3
 Summon Guardian Golem    Hex/Summ       0%         N/A       71%         3
 Manifold Assault         Tloc           5%         N/A       73%         4
 Iskenderun's Mystic Bla  Conj/Tloc      3%         2d3       89%         4
 Airstrike                Air            0%         2d(0-16)  98%         4
 Summon Lightning Spire   Summ/Air       0%         N/A       98%         4
 Iskenderun's Battlesphe  Conj           0%         2d6       100%        5
 Lightning Bolt           Conj/Air       0%         1d11      100%        5
 Iron Shot                Conj/Erth      0%         9d1       100%        6
 Starburst                Conj/Fire      0%         6d3       100%        6
 Orb of Destruction       Conj           0%         9d5       100%        7
 Spellforged Servitor     Conj/Summ      0%         N/A       100%        7


Dungeon Overview and Level Annotations

Branches:
Dungeon (6/15)             Temple (1/1) D:4

Altars:
Cheibriados
Dithmenos
Elyvilon
Fedhas
Hepliaklqana
Kikubaaqudgha
Makhleb
Okawaru
Ru
Sif Muna
Vehumet
Wu Jian
Xom
Yredelemnul
Zin
The Shining One

Shops:
D:4 (


Innate Abilities, Weirdness & Mutations

You are too large for most types of armour.
You have claws for hands.
Your natural rate of healing is unusually fast.
You are covered in fur. (AC +1)
You have tough skin. (AC +1)
You are partially covered in iridescent scales. (AC +2)
You possess an exceptional clarity of mind.
You are somewhat resistant to further mutation.


Message History

The gnoll completely misses you.
An ogre comes into view. It is wielding a +0 giant club.
The gnoll is no longer moving quickly.
The gnoll bouda barks out a call to the hunt!
The gnoll picks up the pace!
There is an open door here.
There is a stone staircase leading up here.
The gnoll is no longer moving quickly.
The gnoll closely misses you.
The gnoll bouda barks out a call to the hunt!
The gnoll picks up the pace!
You climb upwards.
Reactivating autopickup.
There is a stone staircase leading down here.
You start resting.
HP restored.
You start waiting.
Done waiting.
You climb downwards.
The ogre hits you with a +0 giant club!
The gnoll hits you from afar with a +0 halberd! x2
There is a stone staircase leading up, spattered with blood here.
The gnoll hits you from afar with a +0 spear.
The ogre hits you with a +0 giant club!
The gnoll bouda barks out a call to the hunt!
The gnolls pick up the pace!
The gnoll hits you from afar with a +0 halberd.
You climb upwards.
There is a stone staircase leading down here.
You barely miss the ogre. The ogre closely misses you.
You scratch the ogre.
The ogre is lightly wounded.
You scratch the ogre.
The ogre is lightly wounded.
The ogre hits you with a +0 giant club!!
* * * LOW HITPOINT WARNING * * *
You mangle the ogre!!
The ogre is almost dead.
You closely miss the ogre.
The ogre is almost dead.
The ogre hits you with a +0 giant club!!
You die...

##..#P.P~~P...# #...♣..~.~..#.##
#.#...♣♣~~♣.#..##
############.##..~~~♣~P##..#
#............##P~♣~~~~.###.###
#..........####.♣~~~...# #....
#.<...........#..~~~..P###.^..
###########.#.....♣..P........
#...#..@................ ###
#.......O...PP....##.... ..#
#.......).PP......##....
[.########.................##....
..........................###....
..#########..........#...........
### #...............##.....#.#
###.#.#.......[.......÷.##[#
##...#...........#.###..###.#


You could see an ogre.

Vanquished Creatures
  Grinder (D:3)
  A water moccasin (D:5)
  2 ice beasts (D:4)
  A black bear (D:5)
  A centaur (D:5)
  A scorpion (D:5)
  A necrophage (D:4)
  3 jellies
  3 hounds
  4 orc priests
  An iguana (D:5)
  2 orc wizards
  4 adders
  An ufetubus (D:6)
  2 worms (D:3)
  3 dart slugs
  10 orcs
  5 ball pythons
  5 endoplasms
  3 giant cockroaches
  10 goblins
  10 hobgoblins
  7 jackals
  2 kobolds
  3 quokkas
  4 bats
  7 frilled lizards
  8 rats
105 creatures vanquished.

Notes
Turn   | Place    | Note
-------+----------+-------------------------------------------
     0 | D:1      | screamidelica the Troll Warper began the quest for the Orb.
     0 | D:1      | Reached XP level 1. HP: 19/19 MP: 1/1
   157 | D:1      | Reached XP level 2. HP: 21/27 MP: 2/2
   203 | D:1      | Reached skill level 3 in Unarmed Combat
   486 | D:1      | Reached XP level 3. HP: 33/33 MP: 3/3
   793 | D:2      | Reached skill level 4 in Unarmed Combat
  1351 | D:3      | Reached XP level 4. HP: 41/41 MP: 4/4
  1561 | D:3      | Reached skill level 5 in Unarmed Combat
  1577 | D:3      | Reached XP level 5. HP: 22/48 MP: 5/5
  1641 | D:3      | Noticed Grinder
  1641 | D:3      | Paralysed by Grinder for 2 turns
  1647 | D:3      | Paralysed by Grinder for 2 turns
  1655 | D:3      | Killed Grinder
  1656 | D:3      | Reached skill level 6 in Unarmed Combat
  1656 | D:3      | Reached XP level 6. HP: 34/55 MP: 6/6
  1969 | D:4      | Reached skill level 7 in Unarmed Combat
  2048 | D:4      | Found Tokirank's Antique Weapon Shop.
  2145 | D:4      | Found a white marble altar of Elyvilon.
  2148 | D:4      | Found a glowing golden altar of the Shining One.
  2149 | D:4      | Found a glowing silver altar of Zin.
  2259 | D:4      | Found a radiant altar of Vehumet.
  2485 | D:4      | Found a staircase to the Ecumenical Temple.
  2587 | D:4      | Found a shimmering altar of Xom.
  2588 | D:4      | Found a hazy altar of Hepliaklqana.
  2589 | D:4      | Noticed a spectral ugly thing
  2614 | Temple   | Entered the Ecumenical Temple
  2797 | Temple   | Became a worshipper of Sif Muna the Loreminder
  2821 | D:5      | Entered Level 5 of the Dungeon
  2831 | D:5      | Noticed an ice beast
  2833 | D:5      | Noticed a water moccasin
  2833 | D:5      | Noticed an ice beast
  2839 | D:5      | Killed a water moccasin
  2840 | D:5      | Reached skill level 8 in Unarmed Combat
  2840 | D:5      | Reached XP level 7. HP: 32/62 MP: 7/7
  2841 | D:5      | Gained mutation: You are somewhat resistant to further
                  | mutation. [potion of mutation]
  2841 | D:5      | Gained mutation: You possess an exceptional clarity of
                  | mind. [potion of mutation]
  2841 | D:5      | Gained mutation: You are partially covered in iridescent
                  | scales. (AC +2) [potion of mutation]
  3171 | D:5      | Reached skill level 9 in Unarmed Combat
  3237 | D:5      | Reached XP level 8. HP: 52/70 MP: 8/8
  3357 | D:5      | Reached skill level 10 in Unarmed Combat
  3702 | D:6      | Found a snail-covered altar of Cheibriados.
  3896 | D:5      | Mangled by an ogre

Illustrated notes

Levels and vault maps discovered:
D:1:      lightli_arrival_farm, layout_basic
D:2:      layout_loops_cross, grunt_ministairs_6
D:3:      layout_rooms, small_statue_alley_b, kennysheep_flooded_box,
          uniq_grinder
D:4:      layout_loops_ring, regret_index_temple_of_mockery, good_gods_temple_1,
          lemuel_crystal_altar, minmay_temple_entry_statues_pillars,
          serial_shops, shop, due_unseen_surprise
D:5:      layout_rooms, serial_bayou_pond_a
D:6:      cheibrodos_helix_gallery, layout_cave_pools,
          mainiacjoe_overflow_six_doors_small
Temple:   nicolae_temple_bog_church

Skill      XL: |  1  2  3  4  5  6  7  8 |
---------------+-------------------------+-----
Unarmed Combat | 3 4 5 6 8 9 10 | 10.0
Fighting       | |  1.5
Throwing       | |  0.8
Dodging        | |  1.9
Spellcasting   | |  1.5
Translocations | |  2.7

Action                     |  1- 3 |  4- 6 |  7- 9 || total
---------------------------+-------+-------+-------++-------
  Melee: Unarmed           |   111 |   118 |    70 ||   299
         Punch             |     3 |     4 |     3 ||    10
    Use: Scroll            |       |       |     5 ||     5
         Potion            |       |       |     2 ||     2
   Stab: Sleeping          |       |     1 |     1 ||     2
 Armour: Robe              |    42 |    28 |    29 ||    99
  Dodge: Dodged            |    57 |    34 |    72 ||   163

Table legend: (Time is in decaauts)
 A = Elapsed time spent in this place.
 B = Non-inter-level travel time spent in this place.
 C = Inter-level travel time spent in this place.
 D = Time resting spent in this place.
 E = Time spent auto-exploring this place.
 F = Levels seen in this place.
 G = Mean time per level.
                   A        B        C        D        E       F      G
               +--------+--------+--------+--------+--------+-----+--------+
         Total |   3848 |   3683 |    165 |    528 |   2552 |   7 |  549.7 |
       Dungeon |   3649 |   3521 |    128 |    528 |   2399 |   6 |  608.2 |
        Temple |    198 |    161 |     37 |      0 |    153 |   1 |  198.0 |
               +--------+--------+--------+--------+--------+-----+--------+

Top non-repeatable levels by time:
     D:4: 947 daAuts
     D:2: 711 daAuts
     D:5: 707 daAuts
     D:1: 624 daAuts
     D:3: 590 daAuts
  Temple: 198 daAuts
     D:6: 69 daAuts
